 Dungeon Crawl Stone Soup version 0.27.1-1-g398f81649c (webtiles) character file.

Game seed: 8619223483157037572

2141 speeev33 the Fighter (level 9, -3/83 HPs)
             Began as a Hill Orc Fighter on Sept 5, 2021.
             Was a Believer of Okawaru.
             Slain by a two-headed ogre (11 damage)
             ... on level 7 of the Dungeon.
             The game lasted 00:12:09 (7301 turns).

speeev33 the Fighter (Hill Orc Fighter)             Turns: 7301, Time: 00:12:10

Health: -3/83      AC: 12    Str: 22    XL:     9   Next: 30%
Magic:  9/9        EV:  6    Int:  8    God:    Okawaru [**....]
Gold:   3344       SH: 12    Dex: 14    Spells: 8/8 levels left

rFire    . . .     SeeInvis .   y - +3 war axe of Putrescence {holy, Contam rElec Will+ Dex+4}
rCold    . . .     Faith    +   c - +1 kite shield
rNeg     . . .     Spirit   .   o - +0 chain mail
rPois    .         Reflect  .   (no helmet)
rElec    +         Harm     .   m - +0 cloak
rCorr    .         Rampage  .   (no gloves)
Will     ++...                  x - +1 pair of boots
Stlth    ..........             s - amulet of faith
HPRegen  0.23/turn              j - ring of willpower
MPRegen  0.11/turn              d - ring of flight

@: mighty, flying, studying Maces & Flails
A: no striking features
a: Renounce Religion, Heroism


You were on level 7 of the Dungeon.
You worshipped Okawaru.
Okawaru was pleased with you.
You visited 1 branch of the dungeon, and saw 7 of its levels.

You collected 3344 gold pieces.

Inventory:

Hand Weapons
 a - a +1 war axe
 q - a +0 morningstar
 y - the +3 war axe of Putrescence (weapon) {holy, Contam rElec Will+ Dex+4}
   (You found it on level 7 of the Dungeon)

   It has been blessed by the Shining One to cause great damage to the undead
   and demons.
   Dex:       It affects your dexterity (+4).
   rElec:     It insulates you from electricity.
   Contam:    It causes magical contamination when unequipped.
   Will:      It increases your willpower.
Armour
 c - a +1 kite shield (worn)
 m - a +0 cloak (worn)
 o - a +0 chain mail (worn)
 x - a +1 pair of boots (worn)
Jewellery
 d - a ring of flight (right hand)
 j - a ring of willpower (left hand)
 s - an amulet of faith (around neck)
Wands
 f - a wand of paralysis (13)
 u - a wand of iceblast (8)
 v - a wand of acid (10)
 w - a wand of mindburst (20)
Scrolls
 b - a scroll of holy word
 t - a scroll of enchant weapon
 z - a scroll of magic mapping {unknown}
Potions
 e - a potion of flight
 g - a potion of degeneration {unknown}
 h - 7 potions of curing
 i - 2 potions of lignification {unknown}
 k - a potion of cancellation {unknown}
 l - a potion of attraction {unknown}
 n - a potion of brilliance {unknown}
 p - 3 potions of mutation {unknown}


   Skills:
 + Level 9.1 Fighting
 + Level 8.7(9.3) Axes
 - Level 4.0(6.1) Maces & Flails
 - Level 3.2 Armour
 + Level 8.3 Shields


You had 8 spell levels left.
You didn't know any spells.
Your spell library contained the following spells:

 Spells                   Type           Power      Damage    Failure   Level
 Corpse Rot               Necr/Air       N/A        N/A       100%        2
 Sublimation of Blood     Necr           0%         N/A       100%        2
 Wereblood                Tmut           0%         N/A       100%        2
 Frozen Ramparts          Ice            0%         1d2       100%        3
 Ozocubu's Armour         Ice            0%         N/A       100%        3
 Dispel Undead            Necr           0%         3d6       100%        4
 Ice Form                 Ice/Tmut       0%         N/A       100%        4
 Summon Ice Beast         Ice/Summ       0%         N/A       100%        4
 Death Channel            Necr           0%         N/A       100%        6
 Ozocubu's Refrigeration  Ice            0%         4d5       100%        7
 Summon Hydra             Summ           0%         N/A       100%        7


Dungeon Overview and Level Annotations

Branches:
Dungeon (7/15)             Temple (0/1) D:5

Altars:
Hepliaklqana
Okawaru
Qazlal
Sif Muna
Vehumet
Zin
The Shining One

Shops:
D:5 *   D:7 *

Annotations:
D:7 3 runed translucent doors


Message History

A sky beast comes into view.
You feel sick. The orc hits you but does no damage.
An acid dragon comes into view.
You block the kobold brigand's attack.
There is an open door here.
You feel sick.
The acid dragon roars!
You block the orc's attack.
A centaur zombie comes into view.
You feel sick. The acid dragon bites you. The acid dragon barely misses you.
You slash the acid dragon!
The acid dragon is heavily wounded.
You closely miss the orc.
You feel sick. You block the orc's attack.
The acid dragon bites you but does no damage.
The acid dragon claws you but does no damage.
You hit the acid dragon.
The acid dragon is severely wounded.
Your chain mail prevents you from hitting the two-headed ogre.
You feel sick.
You are no longer poisoned.
The acid dragon bites you but does no damage.
You block the acid dragon's attack. x3
You hit the acid dragon but do no damage.
The acid dragon is severely wounded.
You hit the two-headed ogre.
You block the two-headed ogre's attack. x2
The acid dragon spits acid at you. The splash of acid hits you.
You are splashed with acid!
* * * LOW HITPOINT WARNING * * *
Unknown command.
You feel very mighty all of a sudden.
The two-headed ogre hits you but does no damage.
The two-headed ogre hits you with a +0 giant spiked club!
* * * LOW HITPOINT WARNING * * *
You block the acid dragon's attack. x2
You slash the two-headed ogre!
The two-headed ogre is severely wounded.
You slash the acid dragon!
The sky beast flickers out of sight!
Deactivating autopickup; reactivate with Ctrl-A.
The two-headed ogre hits you with a +0 giant club!
You die...

#.... +....
.... ... ..
{## #D#
#@#####
#.OKcF##
#.#o#o.#
###.##.#
...#c# ##+
##$##.#
##$(#####.F#
#...$#F....#
#.[$!†o##..#


You could see a two-headed ogre, an acid dragon (catching breath), a kobold
brigand, a bullfrog, a centaur and 2 orcs.

Vanquished Creatures
  Eustachio (D:4)
  A sky beast (D:7)
  2 black bears
  2 necrophages
  A centaur (D:6)
  3 ogres
  2 scorpions
  A wyvern zombie (D:7)
  A water moccasin skeleton (D:4)
  5 wights (D:7)
  2 bullfrog zombies (D:5)
  A centaur zombie (D:7)
  2 jellies
  Crazy Yiuf (D:3)
  3 hounds
  2 orc priests
  A centaur skeleton (D:6)
  A bullfrog skeleton (D:5)
  A gnoll shaman (D:6)
  An iguana (D:6)
  2 orc wizards
  A scorpion zombie (D:5)
  A hound zombie (D:3)
  A hound skeleton (D:4)
  A howler monkey zombie (D:7)
  13 adders
  4 gnolls
  A worm (D:2)
  2 adder skeletons
  2 dart slugs
  11 orcs
  8 ball pythons
  4 endoplasms
  8 goblins
  10 hobgoblins
  3 jackals (D:1)
  A quokka (D:2)
  6 bats
  2 frilled lizards (D:1)
  5 kobolds
  4 rats
124 creatures vanquished.

Notes
Turn   | Place    | Note
-------+----------+-------------------------------------------
     0 | D:1      | speeev33 the Hill Orc Fighter began the quest for the Orb.
     0 | D:1      | Reached XP level 1. HP: 19/19 MP: 1/1
   183 | D:1      | Reached XP level 2. HP: 22/27 MP: 2/2
   420 | D:1      | Found a faded altar of an unknown god.
   575 | D:1      | Reached skill level 4 in Fighting
   802 | D:2      | Reached XP level 3. HP: 23/33 MP: 3/3
  1026 | D:2      | Reached XP level 4. HP: 33/41 MP: 4/4
  1205 | D:2      | Found a stormy altar of Qazlal.
  1218 | D:2      | Reached XP level 5. HP: 47/47 MP: 5/5
  1732 | D:3      | Found a hazy altar of Hepliaklqana.
  1795 | D:3      | Found a shimmering blue altar of Sif Muna.
  1880 | D:3      | Found a glowing golden altar of the Shining One.
  1998 | D:3      | Reached skill level 5 in Fighting
  2668 | D:3      | Found a runed translucent door.
  2669 | D:3      | Noticed Crazy Yiuf
  2840 | D:3      | Killed Crazy Yiuf
  2841 | D:3      | Reached skill level 5 in Axes
  2943 | D:4      | Noticed Eustachio
  3037 | D:4      | HP: 1/48 [Eustachio (5)]
  3048 | D:4      | Killed Eustachio
  3049 | D:4      | Reached skill level 5 in Shields
  3049 | D:4      | Reached XP level 6. HP: 28/57 MP: 6/6
  3340 | D:4      | Reached skill level 6 in Fighting
  3444 | D:4      | Found an iron altar of Okawaru.
  3475 | D:4      | Became a worshipper of Warmaster Okawaru
  3713 | D:4      | Reached XP level 7. HP: 55/63 MP: 7/7
  3983 | D:4      | Found a radiant altar of Vehumet.
  4251 | D:5      | Entered Level 5 of the Dungeon
  4252 | D:5      | Identified 3 scrolls of acquirement
  4252 | D:5      | Acquired 980 gold pieces
  4253 | D:5      | Acquired 1030 gold pieces
  4254 | D:5      | Acquired 987 gold pieces
  4283 | D:5      | Found a staircase to the Ecumenical Temple.
  4351 | D:5      | Found Zin's Purification Station.
  4353 | D:5      | Found a glowing silver altar of Zin.
  4365 | D:5      | Reached * piety under Okawaru
  4401 | D:5      | Found a stormy altar of Qazlal.
  4504 | D:5      | Reached skill level 7 in Fighting
  4514 | D:5      | Reached XP level 8. HP: 59/73 MP: 8/8
  4740 | D:5      | Reached ** piety under Okawaru
  5504 | D:6      | Reached skill level 1 in Maces & Flails
  5956 | D:6      | Reached skill level 8 in Fighting
  6756 | D:7      | Identified the +3 war axe of Putrescence {holy, Contam
                  | rElec Will+ Dex+4}
  6777 | D:7      | Found a runed translucent gate.
  6777 | D:7      | Found a runed translucent gate.
  6777 | D:7      | Found a runed translucent gate.
  6830 | D:7      | Reached XP level 9. HP: 38/82 MP: 9/9
  7150 | D:7      | Found Huesuntoe's Assorted Antiques.
  7270 | D:7      | Noticed a two-headed ogre
  7274 | D:7      | Reached skill level 9 in Fighting
  7301 | D:7      | Slain by a two-headed ogre

Illustrated notes

Levels and vault maps discovered:
D:1:      tarquinn_simple_flora_water_b, layout_loops_ring,
          hellmonk_ecumenical_altar_dog_temple
D:2:      layout_rooms, basic_altar
D:3:      layout_loops_corners, nicolae_tso_carved_into_rock,
          amcnicky_altar_gilded, mainiacjoe_overflow_small_starburst,
          serial_glass, glass_columns_a, glass_columns_b, glass_columns_b,
          glass_columns_b, glass_columns_c, glass_columns_a, glass_columns_a,
          glass_columns_b, feat_on_display, due_unseen_surprise,
          kennysheep_path_1, uniq_crazy_yiuf_cottage
D:4:      layout_loops_corners, mainiacjoe_overflow_brackets, lemuel_tele_altar,
          minmay_quantized, uniq_eustachio
D:5:      layout_basic, grunt_qazlal_clouds, zin_purify,
          minmay_temple_entry_large_hall, minmay_manual_mail
D:6:      layout_cave_pods, hangedman_decor_push, kennysheep_windowed_goal
D:7:      layout_basic, nicolae_ru_the_path_less_chosen, serial_shops,
          nicolae_shop_behind_doors, shop, gammafunk_ghost_necromancy,
          minmay_joined_circles

Skill      XL: |  1  2  3  4  5  6  7  8  9 |
---------------+----------------------------+-----
Axes           | 3 4 5 7 8 |  8.7
Fighting       | 4 5 6 7 8 9 |  9.1
Shields        | 4 5 6 7 8 |  8.3
Maces & Flails | 4 |  4.0
Armour         | |  3.2

Action                   |  1- 3 |  4- 6 |  7- 9 || total
-------------------------+-------+-------+-------++-------
Melee: War axe           |    72 |   157 |   185 ||   414
       Morningstar       |       |       |    61 ||    61
Invok: Heroism           |       |       |     1 ||     1
Evoke: Wand              |       |       |     8 ||     8
  Use: Scroll            |     4 |     1 |     6 ||    11
       Potion            |       |     2 |     1 ||     3
Armor: Scale mail        |    39 |   115 |       ||   154
       Chain mail        |       |     1 |   166 ||   167
Dodge: Dodged            |    26 |    82 |    74 ||   182
Block: Kite shield       |    43 |   125 |   175 ||   343
